 Dungeon Crawl Stone Soup version bcrawl-1.15.1-4-g77d781c (webtiles) character file.

Game seed: 16930188112014912619

9251 DrEnzyme the Grappler (level 11, -2/86 HPs)
             Began as a Gnoll Wanderer on Oct 2, 2019.
             Was a Priest of the Shining One.
             Slain by an orc warrior
             ... wielding a +0 hand axe
             ... led by an orc high priest
              (11 damage)
             ... in the Orcish Mines on Oct 3, 2019.
             The game lasted 00:41:18 (13114 turns).

DrEnzyme the Grappler (Gnoll Wanderer)             Turns: 13114, Time: 00:41:19

Health: -2/86      AC:  9    Str: 22    XL:     11   Next: 43%
Magic:  20/20      EV: 15    Int: 17    God:    the Shining One [***...]
Gold:   409        SH:  0    Dex: 13    Spells: 22/22 levels left

rFire    . . .     SeeInvis .   a - +5 quarterstaff
rCold    + . .     Gourm    .   (shield currently unavailable)
rNeg     + . .     Faith    .   L - +1 leather armour of Hedging {rElec Str+5}
rPois    +         Spirit   .   o - +2 hat
rElec    +         Reflect  .   E - +0 cloak
rCorr    +         Harm     .   K - +0 pair of gloves
MR       .....                  (no boots)
Stlth    +.........             (no amulet)
HPRegen  0.24/turn              Q - ring of poison resistance
MPRegen  0.17/turn              j - ring of Tawny {rC+ rCorr}

@: confused, very slightly contaminated, glowing
A: distributed training, fangs 1, strong nose
a: Divine Shield, Renounce Religion


You were in the Orcish Mines.
You worshipped the Shining One.
The Shining One was most pleased with you.
You were hungry.

You visited 3 branches of the dungeon, and saw 12 of its levels.

You collected 899 gold pieces.
You spent 490 gold pieces at shops.

Inventory:

Hand Weapons
 a - a +5 quarterstaff (weapon)
 n - a +1 dagger of holy wrath
 r - a +2 dagger of speed
 y - a +2 dagger of venom
 A - a +3 dagger of flaming
 S - the +4 dagger "Morg" {pain, MR+ Int+12 *Curse}
   (You found it on level 8 of the Dungeon)

   In the hands of one skilled in necromantic magic, it inflicts extra damage on
   living creatures.
   It affects your intelligence (+12).
   It affects your resistance to hostile enchantments.
   It curses itself when equipped.
   The Shining One disapproves of the use of such an item.
Missiles
 p - 956 poisoned needles
 x - a poisoned tomahawk (quivered)
 R - 57 javelins
Armour
 o - a +2 hat (worn)
 q - a +2 chain mail of cold resistance
 E - a +0 cloak (worn)
 K - a +0 pair of gloves (worn)
 L - the +1 leather armour of Hedging (worn) {rElec Str+5}
   (You found it on level 6 of the Dungeon)

   It affects your strength (+5).
   It insulates you from electricity.
Jewellery
 j - the ring of Tawny (right hand) {rC+ rCorr}
   (You bought it in a shop on level 5 of the Dungeon)

   [ring of resist corrosion]

   It protects you from cold.
   It provides partial protection from all sources of acid and corrosion.
 Q - a ring of poison resistance (left hand)
Wands
 c - a wand of random effects (7)
Scrolls
 h - 6 scrolls of remove curse
 i - 2 scrolls of identify
 k - a scroll of teleportation
 C - a scroll of enchant armour
 G - 2 scrolls of amnesia
 J - 3 scrolls of immolation
Potions
 b - a potion of lignification
 d - a potion of heal wounds {unknown}
 e - 3 potions of brilliance
 g - 2 potions of mutation
 z - a potion of resistance {unknown}
 B - a potion of degeneration {unknown}
 D - a potion of berserk rage {unknown}
 I - a potion of haste {unknown}
 N - a potion of cancellation {unknown}
 O - 2 potions of flight
 P - a potion of invisibility {unknown}
Comestibles
 f - 10 rations {!d}


   Skills:
 + Level 7.8 Fighting
 + Level 6.2 Short Blades
 + Level 6.2 Long Blades
 + Level 6.2 Axes
 + Level 6.2 Maces & Flails
 + Level 6.2 Polearms
 + Level 9.1 Staves
 + Level 6.2 Slings
 + Level 6.2 Bows
 + Level 6.2 Crossbows
 + Level 6.2 Throwing
 + Level 6.2 Armour
 + Level 6.2 Dodging
 + Level 6.2 Stealth
 + Level 6.2 Shields
 + Level 9.1 Unarmed Combat
 + Level 6.2 Spellcasting
 + Level 5.1 Conjurations
 + Level 5.1 Hexes
 + Level 5.1 Charms
 + Level 5.1 Summonings
 + Level 5.1 Necromancy
 + Level 5.1 Translocations
 + Level 5.1 Transmutations
 + Level 5.1 Fire Magic
 + Level 5.1 Ice Magic
 + Level 5.1 Air Magic
 + Level 5.1 Earth Magic
 + Level 5.1 Poison Magic
 + Level 6.8 Invocations
 + Level 7.8 Evocations


You had 22 spell levels left.
You didn't know any spells.
Your spell library was empty.

Dungeon Overview and Level Annotations

Branches:
Dungeon (10/12)            Temple (1/1) D:4            Lair (0/6) D:9
    Orc (1/1) D:8             Elf (0/3) Orc

Altars:
Ashenzari
Cheibriados
Dithmenos
Elyvilon
Fedhas
Gozag
Hepliaklqana
Kikubaaqudgha
Lugonu
Makhleb
Nemelex Xobeh
Okawaru
Qazlal
Ru
Sif Muna
Trog
Uskayaw
Vehumet
Wu Jian
Xom
Yredelemnul
Zin
The Shining One
Beogh

Shops:
D:4 ?   D:5 ==   D:6 *=?(   D:7 !   Orc =(

Annotations:
D:3 exclusion: downstairs
D:7 3 runed translucent doors, exclusion: 3 doors, Orread's ghost, novice HOFi
D:9 2 transporters, exclusion: ice statue, unum13's ghost, journeyman DjCj


Innate Abilities, Weirdness & Mutations

Your experience applies equally to all skills.
You have very sharp teeth.
Your uncanny sense of smell can sniff out nearby items.


Message History

The orc wizard casts a cantrip, but nothing happens.
Blink to where?
Press: ? - help, Dir - move target cursor You are very lightly contaminated with residual magic.
As you read the scroll of blinking, it crumbles to dust.
Okay, then.
You feel better.
You are confused.
You feel invigorated.
The orc wizard hits you but does no damage.
You sock the orc wizard!
You kill the orc wizard!
The orc warrior hits you with a +0 hand axe!
* * * LOW HITPOINT WARNING * * *
You're too confused to move!
The orc wizard points at you and mumbles some strange words.
The magic dart hits you!
* * * LOW HITPOINT WARNING * * *
The orc warrior hits you with a +0 hand axe!
You die...

********#########################
,*,,*...#..§..§)@..........#.#.#.
,,,,,.....§§§§§§o................
,,,,,.....§§oo§..................
,,,,,.....§§§§§..................
,,,,,.....§§§§##....#######......
,,,,,.o$oo3...#######*****##.....
,,,,,.o..o....#* ****,,,**#.....
,,,,,o.$.......****,*,,,,,*#.....
,,,,,.........#,*,,,,,,∩,,*#.....


You could see an orc warrior and an orc wizard.

Vanquished Creatures
  A two-headed ogre (D:8)
  An orc high priest (Orc)
  An ugly thing (D:10)
  A wolf spider (shapeshifter) (D:8)
  A troll (D:10)
  A hornet (D:8)
  A hippogriff (D:5)
  A slime creature (D:10)
  2 basilisks
  A hungry ghost (D:6)
  5 wargs
  A water moccasin (D:7)
  5 porcupines
  4 orc warriors
  2 black bears
  5 sky beasts
  6 ogres
  3 phantoms
  4 wolves (D:9)
  4 centaurs
  4 bullfrogs
  2 big kobolds
  A wyvern skeleton (D:7)
  4 wights (D:7)
  6 howler monkeys
  A centaur zombie (D:8)
  4 crimson imps
  A bullfrog zombie (D:5)
  3 jellies (D:5)
  A centaur skeleton (D:6)
  6 orc priests
  8 hounds
  2 bullfrog skeletons
  14 orc wizards
  5 worker ants
  A hound zombie (D:7)
  A hound skeleton (D:4)
  2 howler monkey skeletons (D:6)
  2 worker ant zombies
  10 adders
  3 adder zombies
  An adder skeleton (D:5)
  2 worms (D:2)
  5 dart slugs
  A leopard gecko (D:5)
  65 orcs
  3 ball pythons
  10 bats
  4 giant cockroaches
  13 goblins
  11 hobgoblins
  8 jackals
  4 quokkas
  5 frilled lizards
  24 kobolds
  A quokka skeleton (D:2)
  6 rats
294 creatures vanquished.

Vanquished Creatures (others)
  A plant (D:9)
1 creature vanquished.

Grand Total: 295 creatures vanquished

Notes
Turn   | Place    | Note
-------+----------+-------------------------------------------
     0 | D:1      | DrEnzyme the Gnoll Wanderer began the quest for the Orb.
     0 | D:1      | DrEnzyme set off with the following items: a +2
                  | quarterstaff, a potion of lignification, a wand of random
                  | effects (15), a +0 robe, a ration {!d}
     0 | D:1      | Reached XP level 1. HP: 20/20 MP: 3/3
   128 | D:1      | Reached XP level 2. HP: 26/26 MP: 5/5
   717 | D:1      | Reached XP level 3. HP: 31/31 MP: 6/6
  1250 | D:2      | Reached skill level 1 in Invocations
  1617 | D:2      | Reached skill level 1 in Short Blades
  1617 | D:2      | Reached skill level 1 in Long Blades
  1617 | D:2      | Reached skill level 1 in Axes
  1617 | D:2      | Reached skill level 1 in Maces & Flails
  1617 | D:2      | Reached skill level 1 in Polearms
  1617 | D:2      | Reached skill level 1 in Slings
  1617 | D:2      | Reached skill level 1 in Bows
  1617 | D:2      | Reached skill level 1 in Crossbows
  1617 | D:2      | Reached skill level 1 in Throwing
  1617 | D:2      | Reached skill level 1 in Armour
  1617 | D:2      | Reached skill level 1 in Dodging
  1617 | D:2      | Reached skill level 1 in Stealth
  1617 | D:2      | Reached skill level 1 in Shields
  1617 | D:2      | Reached skill level 1 in Spellcasting
  1664 | D:2      | Found a glowing silver altar of Zin.
  1671 | D:2      | Found a bloodstained altar of Trog.
  1684 | D:2      | Reached XP level 4. HP: 36/38 MP: 7/7
  2713 | D:3      | Reached skill level 1 in Conjurations
  2713 | D:3      | Reached skill level 1 in Hexes
  2713 | D:3      | Reached skill level 1 in Charms
  2713 | D:3      | Reached skill level 1 in Summonings
  2713 | D:3      | Reached skill level 1 in Necromancy
  2713 | D:3      | Reached skill level 1 in Translocations
  2713 | D:3      | Reached skill level 1 in Transmutations
  2713 | D:3      | Reached skill level 1 in Fire Magic
  2713 | D:3      | Reached skill level 1 in Ice Magic
  2713 | D:3      | Reached skill level 1 in Air Magic
  2713 | D:3      | Reached skill level 1 in Earth Magic
  2713 | D:3      | Reached skill level 1 in Poison Magic
  3249 | D:3      | Reached XP level 5. HP: 26/43 MP: 8/8
  4191 | D:3      | Reached XP level 6. HP: 42/50 MP: 9/9
  4887 | D:4      | Noticed a sky beast
  4890 | D:4      | Killed a sky beast
  4890 | D:4      | Reached skill level 5 in Fighting
  4890 | D:4      | Reached skill level 5 in Evocations
  4897 | D:4      | Noticed a phantom
  4991 | D:4      | Killed a phantom
  4991 | D:4      | Reached XP level 7. HP: 44/56 MP: 10/10
  5340 | D:4      | Found a staircase to the Ecumenical Temple.
  5362 | Temple   | Entered the Ecumenical Temple
  5714 | Temple   | Became a worshipper of the Shining One
  5791 | D:4      | Found Ozelekko's Magic Scroll Boutique.
  5794 | D:4      | Bought a scroll of enchant armour for 75 gold pieces
  5794 | D:4      | Bought a scroll of enchant armour for 75 gold pieces
  6292 | D:4      | Reached XP level 8. HP: 63/63 MP: 12/12
  6436 | D:5      | Entered Level 5 of the Dungeon
  6590 | D:5      | Found Lojanale's Jewellery Shoppe.
  6590 | D:5      | Noticed a hippogriff
  6600 | D:5      | Killed a hippogriff
  6698 | D:5      | Found Juaneid's Jewellery Shoppe.
  7029 | D:5      | Reached * piety under the Shining One
  7460 | D:6      | Found Zimaolanul's Jewellery Shop.
  7465 | D:6      | Found Maruiphi's Magic Scroll Boutique.
  7469 | D:6      | Reached XP level 9. HP: 69/69 MP: 14/14
  7977 | D:6      | Found Neerphoku's General Store.
  8191 | D:6      | Found Vooxaym's Antique Weapon Shoppe.
  8363 | D:6      | Got a brightly glowing leather armour
  8374 | D:6      | Identified the cursed +1 leather armour of Hedging {rElec
                  | Str+5} (You found it on level 6 of the Dungeon)
  8597 | D:7      | Reached ** piety under the Shining One
  8796 | D:7      | Found a runed translucent gate.
  8796 | D:7      | Found a runed translucent gate.
  8796 | D:7      | Found a runed translucent gate.
  8796 | D:7      | Found an opulent altar of Gozag.
  8796 | D:7      | Noticed Orread's ghost (novice HOFi)
  8797 | D:7      | Noticed a hornet
  8972 | D:7      | Reached skill level 5 in Invocations
  9488 | D:7      | Reached XP level 10. HP: 77/77 MP: 17/17
  9520 | D:7      | Found Zidwateq's Distillery.
  9918 | D:8      | Reached skill level 5 in Short Blades
  9918 | D:8      | Reached skill level 5 in Long Blades
  9918 | D:8      | Reached skill level 5 in Axes
  9918 | D:8      | Reached skill level 5 in Maces & Flails
  9918 | D:8      | Reached skill level 5 in Polearms
  9918 | D:8      | Reached skill level 5 in Slings
  9918 | D:8      | Reached skill level 5 in Bows
  9918 | D:8      | Reached skill level 5 in Crossbows
  9918 | D:8      | Reached skill level 5 in Throwing
  9918 | D:8      | Reached skill level 5 in Armour
  9918 | D:8      | Reached skill level 5 in Dodging
  9918 | D:8      | Reached skill level 5 in Stealth
  9918 | D:8      | Reached skill level 5 in Shields
  9918 | D:8      | Reached skill level 5 in Spellcasting
  9937 | D:8      | Reached *** piety under the Shining One
  9948 | D:8      | Noticed a two-headed ogre
 10154 | D:8      | Killed a two-headed ogre
 10300 | D:8      | Noticed a wolf spider
 10307 | D:8      | Killed a wolf spider
 10578 | D:8      | Found the cursed +4 dagger "Morg" {pain, MR+ Int+12 *Curse}
 10579 | D:8      | Found a staircase to the Orcish Mines.
 11023 | D:8      | Found a roughly hewn altar of Beogh.
 11467 | D:9      | Reached XP level 11. HP: 59/84 MP: 19/19
 11476 | D:9      | Found a transporter.
 11477 | D:9      | Noticed unum13's ghost (journeyman DjCj)
 11484 | D:9      | Noticed a hell knight
 11485 | D:9      | Found a transporter.
 11538 | D:10     | Entered Level 10 of the Dungeon
 12017 | D:10     | Noticed a white ugly thing
 12024 | D:10     | Killed a white ugly thing
 12359 | D:9      | Reached skill level 5 in Conjurations
 12359 | D:9      | Reached skill level 5 in Hexes
 12359 | D:9      | Reached skill level 5 in Charms
 12359 | D:9      | Reached skill level 5 in Summonings
 12359 | D:9      | Reached skill level 5 in Necromancy
 12359 | D:9      | Reached skill level 5 in Translocations
 12359 | D:9      | Reached skill level 5 in Transmutations
 12359 | D:9      | Reached skill level 5 in Fire Magic
 12359 | D:9      | Reached skill level 5 in Ice Magic
 12359 | D:9      | Reached skill level 5 in Air Magic
 12359 | D:9      | Reached skill level 5 in Earth Magic
 12359 | D:9      | Reached skill level 5 in Poison Magic
 12495 | D:9      | Found a staircase to the Lair.
 12746 | D:5      | Bought the ring of Tawny {rC+ rCorr} for 340 gold pieces
 12861 | Orc      | Entered the Orcish Mines
 12861 | Orc      | Found a staircase to the Elven Halls.
 12923 | Orc      | Found Rimn's Jewellery Boutique.
 12927 | Orc      | Found Watew's Antique Weapon Emporium.
 13094 | Orc      | Noticed an orc high priest
 13098 | Orc      | Noticed a soul eater
 13109 | Orc      | Killed an orc high priest
 13114 | Orc      | Slain by an orc warrior

Skill      XL: |  1  2  3  4  5  6  7  8  9 10 11 |
---------------+----------------------------------+-----
Invocations    | 1 2 3 4 5 6 |  6.8
Short Blades   | 1 2 3 4 5 6 |  6.2
Long Blades    | 1 2 3 4 5 6 |  6.2
Axes           | 1 2 3 4 5 6 |  6.2
Maces & Flails | 1 2 3 4 5 6 |  6.2
Polearms       | 1 2 3 4 5 6 |  6.2
Slings         | 1 2 3 4 5 6 |  6.2
Bows           | 1 2 3 4 5 6 |  6.2
Crossbows      | 1 2 3 4 5 6 |  6.2
Throwing       | 1 2 3 4 5 6 |  6.2
Armour         | 1 2 3 4 5 6 |  6.2
Dodging        | 1 2 3 4 5 6 |  6.2
Stealth        | 1 2 3 4 5 6 |  6.2
Shields        | 1 2 3 4 5 6 |  6.2
Spellcasting   | 1 2 3 4 5 6 |  6.2
Conjurations   | 1 2 3 4 5 |  5.1
Hexes          | 1 2 3 4 5 |  5.1
Charms         | 1 2 3 4 5 |  5.1
Summonings     | 1 2 3 4 5 |  5.1
Necromancy     | 1 2 3 4 5 |  5.1
Translocations | 1 2 3 4 5 |  5.1
Transmutations | 1 2 3 4 5 |  5.1
Fire Magic     | 1 2 3 4 5 |  5.1
Ice Magic      | 1 2 3 4 5 |  5.1
Air Magic      | 1 2 3 4 5 |  5.1
Earth Magic    | 1 2 3 4 5 |  5.1
Poison Magic   | 1 2 3 4 5 |  5.1
Fighting       | 5 6 7 |  7.8
Evocations     | 5 6 7 |  7.8
Staves         | 7 8 9 |  9.1
Unarmed Combat | 7 8 9 |  9.1

Action                   |  1- 3 |  4- 6 |  7- 9 | 10-12 || total
-------------------------+-------+-------+-------+-------++-------
Melee: Quarterstaff      |   124 |   122 |   257 |   257 ||   760
       Bite              |     8 |     7 |    21 |    27 ||    63
Throw: Tomahawk          |       |    19 |    12 |    14 ||    45
       Throwing net      |       |       |       |     1 ||     1
Invok: Divine Shield     |       |       |       |     1 ||     1
Evoke: Wand              |     1 |     7 |     3 |     3 ||    14
  Use: Scroll            |     3 |    11 |     2 |    14 ||    30
       Potion            |       |       |       |     6 ||     6
 Stab: Sleeping          |     4 |     3 |       |       ||     7
  Eat: Chunk             |     2 |     7 |    13 |    11 ||    33
       Ration            |       |     1 |     1 |       ||     2
Armor: Robe              |    35 |     9 |     2 |       ||    46
       Ring mail         |       |       |    56 |       ||    56
       Leather armour    |       |       |    15 |    65 ||    80
Dodge: Dodged            |    72 |    63 |   149 |   206 ||   490
Block: Other             |       |       |       |     9 ||     9
